 Dungeon Crawl Stone Soup version 0.28.0-45-g0d030f2227 (webtiles) character file.

Game seed: 452579778906026430

311 pkoi the Ruffian (level 5, 0/45 HPs)
             Began as a Demigod Gladiator on Apr 19, 2022.
             Slain by an iguana (5 damage)
             ... on level 4 of the Dungeon.
             The game lasted 00:06:06 (4963 turns).

pkoi the Ruffian (Demigod Gladiator)                Turns: 4963, Time: 00:06:07

Health: 0/45       AC:  4    Str: 19    XL:     5   Next: 96%
Magic:  7/7        EV: 12    Int: 10    God:
Gold:   83         SH:  0    Dex: 15    Spells: 4/4 levels left

rFire   . . .      SeeInvis .     - Unarmed
rCold   . . .      Faith    .   (no shield)
rNeg    . . .      Spirit   .   a - +0 leather armour
rPois   .          Reflect  .   b - +0 helmet
rElec   .          Harm     .   (no cloak)
rCorr   .          Rampage  .   (no gloves)
Will    +....      Clarity  +   (no boots)
Stlth   +.........              (no amulet)
HPRegen 0.15/turn               (no ring)
MPRegen 0.10/turn               (no ring)

@: brilliant, attractive, flying, invisible
A: high MP 1, forlorn, divine attributes, clarity, strong-willed 1
a: no special abilities


You were on level 4 of the Dungeon.
You visited 1 branch of the dungeon, and saw 4 of its levels.

You collected 83 gold pieces.

Inventory:

Hand Weapons
 e - a +2 hand axe of electrocution
 m - a +0 dagger
Armour
 a - a +0 leather armour (worn)
 b - a +0 helmet (worn)
Potions
 d - 3 potions of curing
 i - a potion of flight
 k - 2 potions of haste


   Skills:
 - Level 3.0 Fighting
 - Level 1.7 Throwing
 - Level 3.0 Dodging
 * Level 5.7 Unarmed Combat


You had 4 spell levels left.
You didn't know any spells.
Your spell library was empty.

Dungeon Overview and Level Annotations

Branches:
Dungeon (4/15)
 Temple: D:4-7

Shops:
D:1 !


Innate Abilities, Weirdness & Mutations

You have an increased reservoir of magic. (+10% MP)
You shall have no god before yourself.
Your divine heritage dramatically boosts your attributes as you level up.
You possess an exceptional clarity of mind.
You are strong-willed. (Will+)


Message History

The iguana is moderately wounded.
You hit the iguana but do no damage.
The iguana is moderately wounded.
The iguana struggles against the net.
You hit the iguana.
The iguana is heavily wounded.
The iguana struggles against the net.
You hit the iguana.
The iguana is heavily wounded.
The iguana struggles against the net.
You hit the iguana but do no damage.
The iguana is heavily wounded.
The iguana struggles against the net.
The net rips apart, and the iguana comes free!
You barely miss the iguana.
The iguana is heavily wounded.
The iguana bites you.
* * * LOW HITPOINT WARNING * * *
It was a potion of curing.
You feel better. The iguana bites you.
* * * LOW HITPOINT WARNING * * *
It was a potion of brilliance.
You feel clever all of a sudden. The iguana barely misses you.
It was a potion of mutation.
You feel extremely strange.
Your thoughts seem clearer.
You feel strong-willed. The iguana closely misses you.
It was a potion of invisibility.
You fade into invisibility!
The iguana misses you. The iguana barely misses you.
Items here: $ ))) †††.
Things that are here:
a throwing net; a +0 flail You closely miss the iguana.
The iguana is heavily wounded.
The iguana misses you.
You hit the iguana but do no damage.
The iguana is heavily wounded.
The iguana bites you.
You die...

....≈≈≈≈...#
#.#≈≈≈≈g..##
..#.≈≈≈≈.##
.....≈≈≈.#
.....P...#
..#####..# . ##.##
#####...####
#..l@........
#.####.###...#####
#......# ##.##
######## ###


You could see an iguana.

Vanquished Creatures
  A water moccasin skeleton (D:4)
  An orc priest (D:3)
  Terence (D:2)
  A hound zombie (D:4)
  3 gnolls (D:4)
  6 adders
  3 adder zombies (D:4)
  3 worms
  2 dart slugs (D:1)
  12 orcs
  3 bats
  7 endoplasms
  8 goblins
  3 hobgoblins
  6 kobolds
  4 quokkas
  6 ball pythons
  4 frilled lizards
  2 rats (D:2)
76 creatures vanquished.

Vanquished Creatures (others)
  A withered plant (D:4)
1 creature vanquished.

Grand Total: 77 creatures vanquished

Notes
Turn   | Place    | Note
-------+----------+-------------------------------------------
     0 | D:1      | pkoi the Demigod Gladiator began the quest for the Orb.
     0 | D:1      | Reached XP level 1. HP: 17/17 MP: 3/3
    39 | D:1      | Found Midib's Distillery.
   136 | D:1      | Reached skill level 3 in Unarmed Combat
   253 | D:1      | Reached XP level 2. HP: 12/24 MP: 4/4
  1388 | D:2      | Reached XP level 3. HP: 29/29 MP: 5/5
  1750 | D:2      | Noticed Terence
  2031 | D:2      | Killed Terence
  2032 | D:2      | Reached skill level 4 in Unarmed Combat
  2032 | D:2      | Reached XP level 4. HP: 14/37 MP: 6/6
  4433 | D:3      | Reached XP level 5. HP: 22/45 MP: 7/7
  4875 | D:4      | Reached skill level 5 in Unarmed Combat
  4956 | D:4      | Gained mutation: You possess an exceptional clarity of
                  | mind. [potion of mutation]
  4956 | D:4      | Gained mutation: You are strong-willed. (Will+) [potion of
                  | mutation]
  4963 | D:4      | Slain by an iguana

Illustrated notes

Levels and vault maps discovered:
D:1:      nicolae_arrival_washed_ashore, layout_rooms, serial_shops,
          nicolae_shop_trees
D:2:      layout_basic, shapermc_ecumenical_altar_mp_vishouse, minmay_bisected,
          uniq_terence
D:3:      layout_loops_ring
D:4:      layout_loops_corners, nicolae_overflow_hidden_temple, serial_undead,
          serial_undead_f, serial_undead_d, serial_undead_c, serial_undead_a

Skill      XL: |  1  2  3  4  5 |
---------------+----------------+-----
Fighting       | 2 3 |  3.0
Unarmed Combat | 3 4 5 |  5.7
Dodging        | 3 |  3.0
Throwing       | |  1.7

Action                   |  1- 3 |  4- 6 || total
-------------------------+-------+-------++-------
Melee: Unarmed           |   145 |   201 ||   346
       Punch             |     3 |    15 ||    18
Throw: Throwing net      |     1 |     2 ||     3
  Use: Scroll            |       |     7 ||     7
       Potion            |       |     6 ||     6
 Stab: Sleeping          |     1 |       ||     1
       Held in net/web   |     2 |       ||     2
Armor: Leather armour    |    45 |    30 ||    75
Dodge: Dodged            |    79 |    80 ||   159
